APL (24 & UNDER)
BEAVERTON BRONZE SOULS @ KENOSHA KINGFISH
07/15/2026
 
TOP OF THE 1ST
Beaverton Bronze Souls batting - Pitching for Kenosha Kingfish : RHP Ron Bartlett
Pitching: RHP Ron Bartlett
Batting: RHB Juan Becerra 0-0: Ground out 5-3 (Groundball, 56)
Batting: LHB Richard Méndez 0-0: Ball
1-0: Ball
2-0: Ball
3-0: Base on Balls
Batting: LHB Chance Santry 0-0: Ball
1-0: Grounds into double play, 4-6-3 (Groundball, 4)
Top of the 1st over - 0 run(s), 0 hit(s), 0 error(s), 0 left on base; Beaverton 0 - Kenosha 0
BOTTOM OF THE 1ST
Kenosha Kingfish batting - Pitching for Beaverton Bronze Souls : RHP Tony Meyer
Pitching: RHP Tony Meyer
Batting: RHB Manuel Gómez 0-0: Ball
1-0: Ball
2-0: Ball
3-0: Base on Balls
Batting: SHB Alfonso Escasán 0-0: Ball
1-0: Called Strike
1-1: Hit by Pitch
Manuel Gómez to second
Batting: RHB Francisco Martínez 0-0: Called Strike
0-1: Ground out 5-3 (Groundball, 56S)
Manuel Gómez to third
Alfonso Escasán to second
Batting: LHB Richard Brooks 0-0: Fly out, F8 (Flyball, 8LM)
Runner from 3rd tags up, SCORES, no throw
Batting: RHB Matt Rodríguez 0-0: Ball
1-0: Ball
2-0: SINGLE (Flyball, 56D)
Alfonso Escasán to third
Runner from 3rd tries for Home, SAFE, no throw or cutoff
Batting: SHB Júlio Valentín 0-0: Ball
1-0: Ball
2-0: Called Strike
2-1: Ball
3-1: Swinging Strike
3-2: Foul Ball, location: 2F
3-2: Base on Balls
Matt Rodríguez to second
Batting: SHB Devin Smith 0-0: Foul Ball, location: 2F
0-1: Ball
1-1: Ball
Wild Pitch!
Matt Rodríguez to third
Júlio Valentín to second
2-1: Called Strike
2-2: Ball
3-2: Ground out 5-3 (Groundball, 56)
Bottom of the 1st over - 2 run(s), 1 hit(s), 0 error(s), 2 left on base; Beaverton 0 - Kenosha 2
TOP OF THE 2ND
Beaverton Bronze Souls batting - Pitching for Kenosha Kingfish : RHP Ron Bartlett
Batting: RHB Brian Dixon 0-0: Called Strike
0-1: Ground out 5-3 (Groundball, 15S)
Batting: LHB Cristóbal Gómez 0-0: Called Strike
0-1: Swinging Strike
0-2: Strikes out looking
Batting: RHB Jaime Rodríguez 0-0: Called Strike
0-1: Swinging Strike
0-2: Foul Ball, location: 2F
0-2: Ball
1-2: Foul Ball, location: 2F
1-2: Strikes out swinging
Top of the 2nd over - 0 run(s), 0 hit(s), 0 error(s), 0 left on base; Beaverton 0 - Kenosha 2
BOTTOM OF THE 2ND
Kenosha Kingfish batting - Pitching for Beaverton Bronze Souls : RHP Tony Meyer
Batting: RHB Sergio Mata 0-0: Ball
1-0: Swinging Strike
1-1: Foul Ball, location: 2F
1-2: Strikes out swinging
Batting: RHB Tommy Davenport 0-0: Swinging Strike
0-1: Ball
1-1: Foul Ball, location: 2F
1-2: Ball
2-2: Strikes out looking
Batting: RHB Manuel Gómez 0-0: Foul Ball, location: 2F
0-1: Ball
1-1: Swinging Strike
1-2: Strikes out swinging
Bottom of the 2nd over - 0 run(s), 0 hit(s), 0 error(s), 0 left on base; Beaverton 0 - Kenosha 2
TOP OF THE 3RD
Beaverton Bronze Souls batting - Pitching for Kenosha Kingfish : RHP Ron Bartlett
Batting: SHB Dawson Fowler 0-0: Foul Ball, location: 2F
0-1: Ball
1-1: Ball
2-1: Fly out, F2 (Popup, 2R)
Batting: LHB Miguel Barrón 0-0: Ball
1-0: Ball
2-0: Ball
3-0: Base on Balls
Batting: RHB Elpidio Martinho 0-0: Ball
1-0: Foul Ball, location: 2F
1-1: Ball
2-1: SINGLE (Groundball, 34)
Miguel Barrón to second
Runner from 2nd tries for 3rd, SAFE, throw made to third
Elpidio Martinho to second
Batting: RHB Juan Becerra 0-0: Foul Ball, location: 2F
0-1: Ball
1-1: Ball
2-1: Ball
3-1: Called Strike
3-2: Fly out, F4 (Line Drive, 4M)
Batting: LHB Richard Méndez 0-0: Ball
1-0: Called Strike
1-1: Foul Ball, location: 2F
1-2: Ball
2-2: Strikes out swinging
Top of the 3rd over - 0 run(s), 1 hit(s), 0 error(s), 2 left on base; Beaverton 0 - Kenosha 2
BOTTOM OF THE 3RD
Kenosha Kingfish batting - Pitching for Beaverton Bronze Souls : RHP Tony Meyer
Batting: SHB Alfonso Escasán 0-0: Called Strike
0-1: Ball
1-1: Swinging Strike
1-2: Ball
2-2: Foul Ball, location: 2F
2-2: Strikes out looking
Batting: RHB Francisco Martínez 0-0: Called Strike
0-1: Ground out 4-3 (Groundball, 4M)
Batting: LHB Richard Brooks 0-0: Ball
1-0: Foul Ball, location: 2F
1-1: Ball
2-1: Ball
3-1: Base on Balls
Batting: RHB Matt Rodríguez 0-0: Ball
1-0: Foul Ball, location: 2F
1-1: Foul Ball, location: 2F
1-2: Ball
Richard Brooks steals 2nd base
2-2: Ground out 5-3 (Groundball, 5S)
Bottom of the 3rd over - 0 run(s), 0 hit(s), 0 error(s), 1 left on base; Beaverton 0 - Kenosha 2
TOP OF THE 4TH
Beaverton Bronze Souls batting - Pitching for Kenosha Kingfish : RHP Ron Bartlett
Batting: LHB Chance Santry 0-0: Ball
1-0: Ball
2-0: Ball
3-0: Base on Balls
Batting: RHB Brian Dixon 0-0: Foul Ball, location: 2F
0-1: Fly out, F8 (Flyball, 8LM)
Batting: LHB Cristóbal Gómez 0-0: Called Strike
0-1: Ball
1-1: Ball
2-1: Ball
3-1: Called Strike
3-2: Foul Ball, location: 2F
3-2: Foul Ball, location: 2F
3-2: Base on Balls
Chance Santry to second
Batting: RHB Jaime Rodríguez 0-0: Ball
1-0: Swinging Strike
1-1: Foul Ball, location: 2F
1-2: Strikes out looking
Batting: SHB Dawson Fowler 0-0: Swinging Strike
0-1: Fly out, F9 (Flyball, 9M)
Top of the 4th over - 0 run(s), 0 hit(s), 0 error(s), 2 left on base; Beaverton 0 - Kenosha 2
BOTTOM OF THE 4TH
Kenosha Kingfish batting - Pitching for Beaverton Bronze Souls : RHP Tony Meyer
Batting: SHB Júlio Valentín 0-0: Called Strike
0-1: Called Strike
0-2: Foul Ball, location: 2F
0-2: Ground out 3-1 (Groundball, 34)
Batting: SHB Devin Smith 0-0: Called Strike
0-1: Foul Ball, location: 2F
0-2: Foul Ball, location: 2F
0-2: Strikes out looking
Batting: RHB Sergio Mata 0-0: Called Strike
0-1: Ball
1-1: Ball
2-1: Ball
3-1: Base on Balls
Batting: RHB Tommy Davenport 0-0: Ball
Sergio Mata is caught stealing 2nd base
Bottom of the 4th over - 0 run(s), 0 hit(s), 0 error(s), 0 left on base; Beaverton 0 - Kenosha 2
TOP OF THE 5TH
Beaverton Bronze Souls batting - Pitching for Kenosha Kingfish : RHP Ron Bartlett
Batting: LHB Miguel Barrón 0-0: Called Strike
0-1: Ball
1-1: Foul Ball, location: 2F
1-2: Foul Ball, location: 2F
1-2: Ball
2-2: Ground out 4-3 (Groundball, 4)
Batting: RHB Elpidio Martinho 0-0: Ball
1-0: Foul Ball, location: 2F
1-1: Ball
2-1: Called Strike
2-2: Foul Ball, location: 2F
2-2: Ball
3-2: Strikes out swinging
Batting: RHB Juan Becerra 0-0: Ball
1-0: Called Strike
1-1: DOUBLE (Line Drive, 7LM)
Batting: LHB Richard Méndez 0-0: Ball
1-0: Foul Ball, location: 2F
1-1: Ball
2-1: Fly out, F8 (Flyball, 8LM)
Top of the 5th over - 0 run(s), 1 hit(s), 0 error(s), 1 left on base; Beaverton 0 - Kenosha 2
BOTTOM OF THE 5TH
Kenosha Kingfish batting - Pitching for Beaverton Bronze Souls : RHP Tony Meyer
Batting: RHB Tommy Davenport 0-0: Called Strike
0-1: Ball
1-1: Foul Ball, location: 2F
1-2: Foul Ball, location: 2F
1-2: Strikes out swinging
Batting: RHB Manuel Gómez 0-0: Called Strike
0-1: Ball
1-1: Ball
2-1: Ground out 6-3 (Groundball, 6M)
Batting: SHB Alfonso Escasán 0-0: Swinging Strike
0-1: Called Strike
0-2: Foul Ball, location: 2F
0-2: Hit by Pitch
Batting: RHB Francisco Martínez 0-0: Called Strike
0-1: Foul Ball, location: 2F
0-2: SINGLE (Groundball, 34D)
Alfonso Escasán to second
Runner from 2nd tries for 3rd, SAFE, throw made to third
Pitching: RHP David Peterson
Batting: LHB Richard Brooks 0-0: Ball
1-0: Ball
2-0: Fly out, F7 (Flyball, 7M)
Bottom of the 5th over - 0 run(s), 1 hit(s), 0 error(s), 2 left on base; Beaverton 0 - Kenosha 2
TOP OF THE 6TH
Beaverton Bronze Souls batting - Pitching for Kenosha Kingfish : RHP Ron Bartlett
Batting: LHB Chance Santry 0-0: Called Strike
0-1: Ball
1-1: Foul Ball, location: 2F
1-2: Ball
2-2: Foul Ball, location: 2F
2-2: Ball
3-2: Foul Ball, location: 2F
3-2: Base on Balls
Pitching: RHP Paul Pothecary
Batting: RHB Brian Dixon 0-0: Ball
1-0: Ball
2-0: Ball
3-0: Base on Balls
Chance Santry to second
Batting: LHB Cristóbal Gómez 0-0: Swinging Strike
0-1: Ball
1-1: Ball
2-1: Foul Ball, location: 2F
2-2: Foul Ball, location: 2F
2-2: Foul Ball, location: 2F
2-2: Strikes out swinging
Batting: RHB Jaime Rodríguez 0-0: Ball
1-0: Ball
2-0: Foul Ball, location: 2F
2-1: Called Strike
2-2: Ball
3-2: Fly out, F8 (Line Drive, 8LD)
Batting: SHB Dawson Fowler 0-0: Ball
1-0: Ball
2-0: Foul Ball, location: 2F
2-1: Called Strike
2-2: Ball
3-2: Foul Ball, location: 2F
3-2: Foul Ball, location: 2F
3-2: Base on Balls
Chance Santry to third
Brian Dixon to second
Batting: LHB Miguel Barrón 0-0: Called Strike
0-1: Swinging Strike
0-2: Foul Ball, location: 2F
0-2: Ball
1-2: Ball
2-2: Strikes out swinging
Top of the 6th over - 0 run(s), 0 hit(s), 0 error(s), 3 left on base; Beaverton 0 - Kenosha 2
BOTTOM OF THE 6TH
Kenosha Kingfish batting - Pitching for Beaverton Bronze Souls : RHP David Peterson
Batting: RHB Matt Rodríguez 0-0: Ball
1-0: Foul Ball, location: 2F
1-1: Ground out 6-3 (Groundball, 56)
Batting: SHB Júlio Valentín 0-0: Called Strike
0-1: Swinging Strike
0-2: Ball
1-2: Strikes out swinging
Batting: SHB Devin Smith 0-0: Ball
1-0: Foul Ball, location: 2F
1-1: Swinging Strike
1-2: Ball
2-2: Strikes out swinging
Bottom of the 6th over - 0 run(s), 0 hit(s), 0 error(s), 0 left on base; Beaverton 0 - Kenosha 2
TOP OF THE 7TH
Beaverton Bronze Souls batting - Pitching for Kenosha Kingfish : RHP Paul Pothecary
Batting: RHB Elpidio Martinho 0-0: Called Strike
0-1: Foul Ball, location: 2F
0-2: Ball
1-2: Ball
2-2: Ball
3-2: Fly out, F4 (Line Drive, 4)
Batting: RHB Juan Becerra 0-0: Called Strike
0-1: Called Strike
0-2: Strikes out swinging
Batting: LHB Richard Méndez 0-0: Called Strike
0-1: Ball
1-1: Ball
2-1: Swinging Strike
2-2: Strikes out looking
Top of the 7th over - 0 run(s), 0 hit(s), 0 error(s), 0 left on base; Beaverton 0 - Kenosha 2
BOTTOM OF THE 7TH
Kenosha Kingfish batting - Pitching for Beaverton Bronze Souls : RHP David Peterson
Batting: RHB Sergio Mata 0-0: Called Strike
0-1: Ball
1-1: Called Strike
1-2: Ground out 6-3 (Groundball, 6)
Batting: RHB Tommy Davenport 0-0: Ball
1-0: Called Strike
1-1: Foul Ball, location: 2F
1-2: Foul Ball, location: 2F
1-2: Foul Ball, location: 2F
1-2: Strikes out looking
Batting: RHB Manuel Gómez 0-0: Foul Ball, location: 2F
0-1: Swinging Strike
0-2: Strikes out looking
Bottom of the 7th over - 0 run(s), 0 hit(s), 0 error(s), 0 left on base; Beaverton 0 - Kenosha 2
TOP OF THE 8TH
Beaverton Bronze Souls batting - Pitching for Kenosha Kingfish : RHP Paul Pothecary
Pitching: LHP Flint Williams
Batting: LHB Chance Santry 0-0: SINGLE (Line Drive, 89M)
Pitching: RHP Júlio Vargas
Batting: RHB Brian Dixon 0-0: Called Strike
0-1: Ball
1-1: Ball
2-1: Ball
3-1: Foul Ball, location: 2F
3-2: Strikes out swinging
Batting: LHB Cristóbal Gómez 0-0: Ball
1-0: Ball
2-0: SINGLE (Line Drive, 89S)
Chance Santry to second
Batting: RHB Jaime Rodríguez 0-0: Reached on error, E1 (Groundball, 15)
Chance Santry to third
Cristóbal Gómez to second
Batting: SHB Dawson Fowler 0-0: Ball
1-0: Called Strike
1-1: Swinging Strike
1-2: Foul Ball, location: 2F
1-2: Ball
2-2: Ball
3-2: Strikes out swinging
Batting: LHB Miguel Barrón 0-0: Ball
1-0: Swinging Strike
1-1: Foul Ball, location: 2F
1-2: Foul Ball, location: 2F
1-2: Ball
2-2: Strikes out swinging
Top of the 8th over - 0 run(s), 2 hit(s), 1 error(s), 3 left on base; Beaverton 0 - Kenosha 2
BOTTOM OF THE 8TH
Kenosha Kingfish batting - Pitching for Beaverton Bronze Souls : RHP David Peterson
Pitching: RHP Joe Bailey
Batting: SHB Alfonso Escasán 0-0: Called Strike
0-1: Fly out, F7 (Flyball, 78S)
Batting: RHB Francisco Martínez 0-0: Called Strike
0-1: Fly out, F8 (Line Drive, 8RM)
Batting: LHB Richard Brooks 0-0: Ball
1-0: Ball
2-0: Reached on error, E2 (Groundball, 2L)
Batting: RHB Matt Rodríguez 0-0: Ball
1-0: Ball
2-0: SINGLE (Line Drive, 6M)
Richard Brooks to second
Batting: SHB Júlio Valentín 0-0: Foul Ball, location: 2F
0-1: Fly out, F7 (Flyball, 7LM)
Bottom of the 8th over - 0 run(s), 1 hit(s), 1 error(s), 2 left on base; Beaverton 0 - Kenosha 2
TOP OF THE 9TH
Beaverton Bronze Souls batting - Pitching for Kenosha Kingfish : RHP Júlio Vargas
Pitching: RHP Edwin Manning
Batting: RHB Elpidio Martinho 0-0: Ball
1-0: Ground out 6-3 (Groundball, 6M)
Batting: RHB Juan Becerra 0-0: Fly out, F8 (Flyball, 8RM)
Batting: LHB Richard Méndez 0-0: Ball
1-0: Ground out U3 (Groundball, 3S)
Top of the 9th over - 0 run(s), 0 hit(s), 0 error(s), 0 left on base; Beaverton 0 - Kenosha 2
Monday, December 5th, 2016 - OOTP Baseball 17.12 Build 75